 Dungeon Crawl Stone Soup version 0.21-a0-215-g0631661 (webtiles) character file.

298 tehllama the Insei (level 6, -7/57 HPs)
             Began as an Octopode Transmuter on Aug 22, 2017.
             Killed by divine providence
             ... invoked by an orc priest
              (8 damage)
             ... on level 3 of the Dungeon.
             The game lasted 00:03:27 (2636 turns).

tehllama the Insei (Octopode Transmuter)            Turns: 2636, Time: 00:03:28

Health: -7/57      AC:  1    Str: 16    XL:     6   Next: 35%
Magic:  6/9        EV: 13    Int: 15    God:
Gold:   88         SH:  0    Dex: 13    Spells: 3/9 levels left

rFire    . . .     SeeInvis .     - Unarmed
rCold    . . .     Gourm    .   (no shield)
rNeg     . . .     Faith    .   (helmet restricted)
rPois    .         Spirit   .   (no amulet)
rElec    .         Reflect  .   (no ring)
rCorr    .         Harm     .   (no ring)
MR       .....                  (no ring)
Stlth    ..........             (no ring)
HPRegen  0.19/turn              (no ring)
MPRegen  0.11/turn              (no ring)
                                (no ring)
                                (no ring)

@: berserking (expiring), very quick
A: almost no armour, stealthy swim, amphibious, 8 rings, constrict 8, camouflage
1, gelatinous body 1
a: no special abilities


You were on level 3 of the Dungeon.
You were not hungry.

You visited 1 branch of the dungeon, and saw 3 of its levels.

You collected 88 gold pieces.

Inventory:

Missiles
 a - 67 arrows
Jewellery
 l - a cursed ring of loudness {unknown}
 q - an uncursed ring of protection from magic {unknown}
Scrolls
 d - a scroll of magic mapping {unknown}
 e - a scroll of blinking {unknown}
 h - 3 scrolls of fear {unknown}
 i - a scroll of teleportation {unknown}
 j - 2 scrolls of identify {unknown}
 o - 3 scrolls of remove curse {unknown}
 t - a scroll of enchant armour {unknown}
Potions
 k - a potion of invisibility {unknown}
 m - a potion of berserk rage
 n - 2 potions of curing
 p - a potion of might {unknown}
 s - a potion of cancellation {unknown}
Books
 b - a book of Changes

   Spells                             Type                      Level
   a - Beastly Appendage              Transmutation                1
   b - Sticks to Snakes               Transmutation                2
   c - Spider Form                    Transmutation/Poison         3
   d - Ice Form                       Ice/Transmutation            4
   e - Blade Hands                    Transmutation                5
Comestibles
 c - 2 bread rations
 f - 2 fruits
 g - 2 royal jellies
 r - 6 chunks of flesh


   Skills:
 - Level 1.0 Fighting
 - Level 2.0 Dodging
 + Level 5.2 Stealth
 + Level 5.7 Unarmed Combat
 - Level 2.0 Spellcasting
 - Level 2.0 Transmutations


You had 3 spell levels left.
You knew the following spells:

 Your Spells              Type           Power        Failure   Level  Hunger
a - Beastly Appendage     Tmut           #.....       10%         1    #......
b - Sticks to Snakes      Tmut           #.......     14%         2    ###....
c - Spider Form           Tmut/Pois      #.........   41%         3    ###....


Dungeon Overview and Level Annotations

Branches:
Dungeon (3/15)

Altars:
Nemelex Xobeh
Zin


Innate Abilities, Weirdness & Mutations

You cannot wear most types of armour.
You are very stealthy in the water. (Stealth+)
You are amphibious.
You can wear up to eight rings at the same time.
You can use your tentacles to constrict eight enemies at once.
Your skin changes colour to match your surroundings (Stealth+).
Your rubbery body absorbs attacks. (AC +1, EV +1)


Message History

You have reached level 6!
Your experience leads to an increase in your attributes!
Your base attributes are Str 10, Int 15, Dex 13.
Increase (S)trength, (I)ntelligence, or (D)exterity?
You feel stronger.
The orc priest calls down the wrath of Beogh upon you.
You barely miss something. Something hits you.
* * * LOW HITPOINT WARNING * * *
You miss something. Something barely misses you.
You bludgeon something!
Reactivating autopickup.
You feel a bit more experienced. The orc priest completely misses you.
Items here: )) = [[ a dagger; a robe; a trident; a plate armour; a blackened golden ring You closely miss the orc priest.
You grab the orc priest. Your squeeze misses the orc priest.
You constrict the orc priest.
The orc priest invokes the aid of Beogh against you.
Beogh smites you!
You die...

#.### .. #..... #.#
#..... .. #..... #.## #.#
#..... ..# #.# #..... .##
#.# #.# #.....
.....#####.####.####.....
.......o@................
....(######.###.###<.....
... #..##.#........ .
##.............
#..#.#........
##.#.#........
#...#........
#...#........
#...#........


You could see an orc priest.

Vanquished Creatures
  An orc warrior (D:3)
  2 orc wizards (D:3)
  5 adders
  2 oozes
  2 adder zombies (D:1)
  3 worms (D:3)
  3 dart slugs
  2 leopard geckos
  9 orcs (D:3)
  2 ball pythons
  2 giant cockroaches
  11 goblins
  4 hobgoblins
  5 jackals
  4 bats (D:1)
  6 frilled lizards
  11 kobolds
  8 rats
82 creatures vanquished.

Notes
Turn   | Place    | Note
-------+----------+-------------------------------------------
     0 | D:1      | tehllama the Octopode Transmuter began the quest for the Orb.
     0 | D:1      | Reached XP level 1. HP: 13/13 MP: 3/3
    30 | D:1      | Reached XP level 2. HP: 5/18 MP: 5/5
   399 | D:1      | Reached XP level 3. HP: 21/23 MP: 6/6
   690 | D:1      | Reached skill level 1 in Stealth
  1231 | D:2      | Found a glowing silver altar of Zin.
  1264 | D:2      | Reached XP level 4. HP: 26/28 MP: 7/7
  1318 | D:2      | Learned a level 2 spell: Sticks to Snakes
  1322 | D:2      | Learned a level 3 spell: Spider Form
  2052 | D:3      | Found a sparkling altar of Nemelex Xobeh.
  2093 | D:3      | Reached XP level 5. HP: 22/33 MP: 8/8
  2174 | D:3      | Reached skill level 5 in Unarmed Combat
  2613 | D:3      | Noticed an orc warrior
  2628 | D:3      | HP: 2/49 [orc warrior/trident (2)]
  2631 | D:3      | Killed an orc warrior
  2631 | D:3      | Reached skill level 5 in Stealth
  2631 | D:3      | Reached XP level 6. HP: 3/38 MP: 6/9
  2636 | D:3      | Killed from afar by an orc priest

Vault maps used:
D:1:      saegor_arrival_fortress, minmay_heptomino_d4
D:2:      zin_statuary
D:3:      first_bread, serial_glass, glass_columns_c, glass_columns_b,
          nemelex_dance_club_becter

Skill      XL: |  1  2  3  4  5 |
---------------+----------------+-----
Unarmed Combat | 4 5 |  5.7
Stealth        | 2 3 5 |  5.2
Fighting       | |  1.0
Dodging        | |  2.0
Spellcasting   | |  2.0
Transmutations | |  2.0

Action                   |  1- 3 |  4- 6 || total
-------------------------+-------+-------++-------
Melee: Unarmed           |    97 |   101 ||   198
       Constrict         |    27 |    19 ||    46
       Tentacles         |     7 |    17 ||    24
       Kick              |       |     7 ||     7
       Punch             |       |     2 ||     2
 Cast: Beastly Appendage |       |     4 ||     4
       Spider Form       |       |     1 ||     1
  Use: Potion            |       |     3 ||     3
 Stab: Sleeping          |     9 |     9 ||    18
  Eat: Chunk             |     1 |     5 ||     6
Armor: Skin              |     9 |     2 ||    11
Dodge: Dodged            |    68 |    56 ||   124

Table legend:
 A = Spawn XP
 B = Non-spawn XP
 C = Spawn XP percentage of total XP
 D = Spawn monster count
 E = Non-spawn monster count
 F = Spawn count percentage of total count
 G = Total turns spent on level
                    A         B        C        D         E        F      G
               +---------+---------+-------+---------+---------+-------+---------
         Total |      17 |     409 |   4.0 |       7 |      75 |   8.5 |  2636
               +---------+---------+-------+---------+---------+-------+---------
           D:1 |      12 |      60 |  16.7 |       6 |      28 |  17.6 |  1185
           D:2 |       0 |      60 |   0.0 |       0 |      21 |   0.0 |   783
           D:3 |       5 |     289 |   1.7 |       1 |      26 |   3.7 |   668
               +---------+---------+-------+---------+---------+-------+---------
